 Dungeon Crawl Stone Soup version 0.14.1 (webtiles) character file.

838 Heini the Covered (level 7, -5/62 HPs)
             Began as a Hill Orc Fighter on Apr 28, 2014.
             Slain by a gnoll
             ... wielding a +0,+0 halberd
              (8 damage)
             ... on Level 3 of the Dungeon.
             The game lasted 00:10:59 (3507 turns).

Heini the Covered (Hill Orc Fighter)                Turns: 3507, Time: 00:10:59

HP  -5/62        AC 10     Str 21      XL: 7   Next: 62%
MP   7/7         EV  5     Int  8      God:
Gold 154         SH 18     Dex 10      Spells:  0 memorised,  6 levels left

rFire  . . .     SeeInvis .     a - +0,+1 war axe
rCold  . . .     Clarity  .     y - +0 chain mail
rNeg   . . .     Conserve .     c - +0 shield
rPois  .         rCorr    .     (no helmet)
rElec  .         rRot     .     (no cloak)
SustAb . .       Spirit   .     (no gloves)
rMut   .         Warding  .     (no boots)
Saprov + . .     Stasis   .     (no amulet)
MR     .....                    (no ring)
                                (no ring)

@: not resistant to hostile enchantments, extremely unstealthy
A: saprovore 1
a: no special abilities


You were on level 3 of the Dungeon.
You were not hungry.

You visited 1 branch of the dungeon, and saw 3 of its levels.

You collected 154 gold pieces.

Inventory:

Hand weapons
 a - a +0,+1 war axe (weapon)
Missiles
 g - 13 stones (quivered)
Armour
 b - a +0 scale mail
 c - a +0 shield (worn)
 y - a +0 chain mail (worn)
Magical devices
 e - a wand of confusion (0)
Comestibles
 d - 2 meat rations
 h - 2 apples
 i - 2 rotting chunks of gnoll flesh
 l - 2 apricots
 n - 6 bread rations
Scrolls
 t - 3 scrolls of remove curse
Jewellery
 f - a +2 ring of evasion {unknown}
 x - a cursed ring of teleportation {unknown}
Potions
 j - a potion of lignification
 k - a potion of degeneration {unknown}
 m - a potion of heal wounds {unknown}
 o - a potion of curing
 p - 2 potions of resistance
 q - a potion of invisibility
 v - 2 potions of agility
 z - a potion of restore abilities {unknown}


   Skills:
 * Level 5.9 Fighting
 * Level 6.4 Axes
 * Level 6.8 Armour
 - Level 3.2 Shields


You had 6 spell levels left.
You didn't know any spells.

Dungeon Overview and Level Annotations

Branches:
Dungeon (3/15)

Altars:
Fedhas
Makhleb
Zin


Innate Abilities, Weirdness & Mutations

You can tolerate rotten meat.


Message History

* * * LOW HITPOINT WARNING * * *
The gnoll shaman mumbles some strange prayers to its god.
The gnoll shaman is healed somewhat.
The gnoll unwields an uncursed spear.
The gnoll drops an uncursed spear.
The gnoll picks up a whip.
The gnoll wields a whip.
There is a huge open gate here.
The gnoll shaman calls upon its god to speed up the gnoll.
The gnoll seems to speed up.
The gnoll hits you from afar with a halberd.
* * * LOW HITPOINT WARNING * * *
You block the gnoll's attack.
The gnoll shaman calls upon its god to speed up the gnoll.
The gnoll seems to speed up.
The gnoll hits you but does no damage.
The gnoll hits you from afar with a halberd!
* * * LOW HITPOINT WARNING * * *
The gnoll shaman calls upon its god to speed up the gnoll.
The gnoll seems to speed up.
The gnoll barely misses you.
The gnoll hits you from afar with a halberd!
You die...

≈≈≈≈≈≈≈≈≈≈≈≈≈≈≈....≈≈≈≈≈≈
≈≈≈≈≈≈≈≈≈≈≈≈≈≈≈.gg.≈≈≈≈≈≈≈
......))).................
......)..>......g.........
#................########
#.#######.######.####
#................g..#
######
#########.######g##.#
#....#
.....#.##......#@##.#
#....##
####.#...).....#.##.#####
#......
...#.#.##.######.##.....#
####...
##.#.............######.#
#... ...###.##.########
#.### #...
#.......#.......#######(..#
#...
.....####.##..............#
#... #....#
#.##.....######...# ####
#....####.##.....#
#...#######


You could see a gnoll shaman and 4 gnolls.

Vanquished Creatures
  The ghost of ant87 the Chucker, an average TrHu (D:3)
  An ogre (D:3)
  3 gnoll shamans (D:3)
  26 gnolls (D:3)
  4 adders
  A worm (D:3)
  An ooze (D:2)
  2 orcs (D:3)
  6 bats
  2 giant cockroaches (D:3)
  3 goblins
  4 hobgoblins (D:1)
  12 jackals
  2 giant geckos (D:2)
  5 giant newts
  8 kobolds
  8 rats
89 creatures vanquished.

Notes
Turn   | Place    | Note
--------------------------------------------------------------
     0 | D:1      | Heini, the Hill Orc Fighter, began the quest for the Orb.
     0 | D:1      | Reached XP level 1. HP: 19/19 MP: 1/1
     2 | D:1      | Noticed a gargoyle
     2 | D:1      | Noticed a formicid
     4 | D:1      | Noticed a demigod
     4 | D:1      | Noticed a tengu
     6 | D:1      | Noticed a vine stalker
     6 | D:1      | Noticed an elf
     8 | D:1      | Noticed a human
    10 | D:1      | Noticed a vampire
    12 | D:1      | Noticed a merfolk
    12 | D:1      | Noticed a draconian
    14 | D:1      | Noticed a demonspawn
    16 | D:1      | Noticed a troll
    16 | D:1      | Noticed a felid
    18 | D:1      | Noticed an ogre
    18 | D:1      | Noticed a naga
    20 | D:1      | Noticed an octopode
    20 | D:1      | Noticed a ghoul
    22 | D:1      | Noticed a minotaur
    24 | D:1      | Noticed a dwarf
    24 | D:1      | Noticed a centaur
    26 | D:1      | Noticed a spriggan
   183 | D:1      | Reached XP level 2. HP: 27/27 MP: 2/2
   305 | D:1      | Reached skill level 4 in Fighting
   719 | D:2      | Reached XP level 3. HP: 33/33 MP: 3/3
   738 | D:2      | Found a blossoming altar of Fedhas.
  1223 | D:2      | Found a burning altar of Makhleb.
  1223 | D:2      | Found a glowing silver altar of Zin.
  1224 | D:2      | Noticed an angel
  1224 | D:2      | Noticed a cacodemon
  1295 | D:3      | Reached XP level 4. HP: 39/41 MP: 4/4
  1721 | D:3      | Noticed an ogre
  2013 | D:3      | Killed an ogre
  2013 | D:3      | Reached skill level 5 in Fighting
  2013 | D:3      | Reached skill level 5 in Armour
  2013 | D:3      | Reached XP level 5. HP: 5/48 MP: 5/5
  2334 | D:3      | Noticed a gnoll sergeant
  2354 | D:3      | Reached XP level 6. HP: 19/56 MP: 6/6
  2739 | D:3      | Reached skill level 5 in Axes
  2903 | D:3      | Reached skill level 6 in Armour
  2992 | D:3      | Noticed ant87's ghost (average TrHu)
  3019 | D:3      | Killed ant87's ghost
  3019 | D:3      | Reached XP level 7. HP: 39/62 MP: 7/7
  3505 | D:3      | HP: 3/62 [gnoll/halberd (11)]
  3507 | D:3      | Slain by a gnoll

Action                   |  1- 3 |  4- 6 |  7- 9 || total
-------------------------+-------+-------+-------++-------
Melee: War axe           |   122 |   168 |    67 ||   357
  Use: Scroll            |     8 |     3 |       ||    11
       Potion            |       |     3 |       ||     3
